 Dungeon Crawl Stone Soup version 0.17.0-28-g6e173f8 (webtiles) character file.

215 Ithica the Skirmisher (level 5, -1/48 HPs)
             Began as a Minotaur Fighter on Nov 24, 2015.
             Killed by nerve-wracking pain
             ... invoked by Menkaure
              (9 damage)
             ... on level 4 of the Dungeon.
             The game lasted 00:08:17 (2900 turns).

Ithica the Skirmisher (Minotaur Fighter)            Turns: 2900, Time: 00:08:17

Health: -1/48      AC:  7    Str: 21    XL:     5   Next: 60%
Magic:  4/4        EV:  8    Int:  5    God:
Gold:   134        SH:  9    Dex: 10    Spells: 0 memorised, 4 levels left

rFire  . . .     SeeInvis .     w - +0 flail (crush)
rCold  . . .     Clarity  .     b - +0 scale mail
rNeg   . . .     SustAt   .     c - +0 shield
rPois  .         Gourm    .     (helmet restricted)
rElec  .         Spirit   .     (no cloak)
rCorr  .         Warding  .     (no gloves)
rMut   .         Stasis   .     (no boots)
MR     .....                    (no amulet)
Stlth  ..........               (no ring)
                                (no ring)

@: not resistant to hostile enchantments, extremely unstealthy
A: retaliatory headbutt, horns 2
a: no special abilities


You were on level 4 of the Dungeon.
You were not hungry.

You visited 1 branch of the dungeon, and saw 4 of its levels.

You collected 134 gold pieces.

Inventory:

Hand Weapons
 a - a +0 long sword
 w - a +0 flail of crushing (weapon)
Armour
 b - a +0 scale mail (worn)
 c - a +0 shield (worn)
Jewellery
 j - a +2 ring of evasion {unknown}
 m - a +5 ring of strength {unknown}
Scrolls
 f - a scroll of blinking {unknown}
 g - 4 scrolls of recharging {unknown}
 h - a scroll of random uselessness {unknown}
 k - 2 scrolls of enchant weapon {unknown}
 l - a scroll of amnesia {unknown}
 n - 3 scrolls of remove curse {unknown}
 o - a scroll of teleportation {unknown}
 s - a scroll of enchant armour {unknown}
 t - a scroll of noise {unknown}
 v - a scroll of fear {unknown}
 x - a scroll of identify {unknown}
Potions
 d - a potion of might
 i - 3 potions of brilliance {unknown}
 p - 3 potions of heal wounds {unknown}
 q - a potion of magic {unknown}
 u - 2 potions of lignification {unknown}
Books
 y - the Tome of Earth and Hexes
   (You found it on level 4 of the Dungeon)

   Spells                             Type                      Level
   a - Sandblast                      Earth                        1
   b - Confusing Touch                Hexes                        2
   c - Stoneskin                      Transmutation/Earth          2
   d - Mass Confusion                 Hexes                        6
   e - Shatter                        Earth                        9


   Skills:
 + Level 5.0 Fighting
 + Level 3.2 Long Blades
 + Level 0.2 Maces & Flails
 + Level 4.7 Armour
 + Level 2.1 Dodging
 + Level 0.1 Stealth
 + Level 4.8 Shields


You had 4 spell levels left.
You didn't know any spells.

Dungeon Overview and Level Annotations

Branches:
Dungeon (4/15)
 Temple: D:4-7

Altars:
Xom
Yredelemnul
Zin

Annotations:
D:4 Menkaure


Innate Abilities, Weirdness & Mutations

You reflexively headbutt those who attack you in melee.
You have a pair of horns on your head.


Message History

Menkaure mumbles some strange words.
Menkaure seems to speed up.
Menkaure hits you!! You block Menkaure's attack.
Eat which item? (? for menu, Esc to quit)
You are feeling hungry.
Menkaure hits you but does no damage.
That beef jerky was delicious!
Eat which item? (? for menu, Esc to quit)
You block Menkaure's attack.
You continue eating.
Menkaure completely misses you.
You continue eating.
Menkaure hits you but does no damage.
You finish eating.
That bread ration really hit the spot!
Menkaure hits you. Menkaure hits you!!
* * * LOW HITPOINT WARNING * * *
Menkaure casts a spell at you. Pain shoots through your body!
You die...

#.######.# ###.....#.... #.#
###'######............ ##.#
#..................... ...#
#.......##.##...#####. #.##
#.......##.#....# #.#
#.......##.#....# #.#
#..........#....#......# #.#
#.......##......+......# #.#
#......<..@..(..#......# #.#
####.......M...##......#
#.########.......#...##......#
#........'...........##......#
##########.......#...##......####
#...######.#............... #...#
#.#..####.#.###### #!..#
..#.......#.# ### #...#
..#..######.####.#


You could see Menkaure.

Vanquished Creatures
  The ghost of Gaunah the Ruffian, an amateur VSMo (D:3)
  A scorpion (D:4)
  2 oozes
  A worm (D:2)
  3 orcs
  7 bats
  9 hobgoblins
  11 jackals (D:2)
  9 kobolds
  2 quokkas (D:2)
  4 giant cockroaches
  A giant gecko (D:2)
  3 giant newts
  10 goblins
  11 rats
  A spectral orc (D:2)
76 creatures vanquished.

Notes
Turn   | Place    | Note
--------------------------------------------------------------
     0 | D:1      | Ithica the Minotaur Fighter began the quest for the Orb.
     0 | D:1      | Reached XP level 1. HP: 19/19 MP: 0/0
   131 | D:1      | Reached XP level 2. HP: 27/27 MP: 1/1
   274 | D:1      | Reached skill level 4 in Fighting
   669 | D:2      | Reached XP level 3. HP: 29/33 MP: 2/2
  1305 | D:2      | Found a basalt altar of Yredelemnul.
  1562 | D:3      | Reached skill level 1 in Dodging
  1580 | D:3      | Reached XP level 4. HP: 41/41 MP: 3/3
  1818 | D:3      | Noticed Gaunah's ghost (amateur VSMo)
  2330 | D:3      | Killed Gaunah's ghost
  2330 | D:3      | Reached XP level 5. HP: 35/47 MP: 4/4
  2387 | D:3      | Found a glowing silver altar of Zin.
  2389 | D:3      | Noticed an angel
  2393 | D:3      | Found a shimmering altar of Xom.
  2569 | D:4      | Identified the Tome of Earth and Hexes
  2654 | D:4      | Reached skill level 5 in Fighting
  2656 | D:4      | Noticed Menkaure
  2900 | D:4      | Killed from afar by Menkaure

Action                   |  1- 3 |  4- 6 || total
-------------------------+-------+-------++-------
Melee: Long sword        |   118 |    70 ||   188
       Flail             |       |     3 ||     3
  Use: Potion            |       |     1 ||     1
  Eat: Bread ration      |     1 |     1 ||     2
       Beef jerky        |       |     1 ||     1
